 Dungeon Crawl Stone Soup version 0.23.1 (webtiles) character file.

Game seed: 16165404434066708488

19 Borgoz the Ruffian (level 2, 0/25 HPs)
             Began as a Ghoul Warper on Mar 7, 2019.
             Slain by a kobold (2 damage)
             ... on level 1 of the Dungeon.
             The game lasted 00:01:25 (898 turns).

Borgoz the Ruffian (Ghoul Warper)                    Turns: 898, Time: 00:01:25

Health: 0/25       AC:  0    Str: 14    XL:     2   Next: 75%
Magic:  3/3        EV: 11    Int: 13    God:
Gold:   49         SH:  0    Dex:  8    Spells: 2/4 levels left

rFire    . . .     SeeInvis .     - Unarmed
rCold    + . .     Gourm    .   (no shield)
rNeg     + + +     Faith    .   a - +0 leather armour
rPois    ∞         Spirit   .   (no helmet)
rElec    .         Reflect  .   (no cloak)
rCorr    .         Harm     .   (no gloves)
MR       .....                  (no boots)
Stlth    +.........             (no amulet)
HPRegen  0.00/turn              e - -3 ring of protection (curse)
MPRegen  0.08/turn              (no ring)

@: brilliant, rotting
A: rotting body, claws 1, carnivore, cold resistance 1, negative energy
resistance 3, inhibited regeneration, torment resistance, unbreathing
a: no special abilities


You were on level 1 of the Dungeon.
You were not hungry.

You visited 1 branch of the dungeon, and saw 1 of its levels.

You collected 49 gold pieces.

Inventory:

Missiles
 d - 5 tomahawks of dispersal (quivered)
 h - 14 poisoned needles
Armour
 a - a +0 leather armour (worn)
Jewellery
 e - a cursed -3 ring of protection (left claw)
Scrolls
 b - a scroll of identify {unknown}
 c - a scroll of blinking
 g - a scroll of teleportation {unknown}
 k - a scroll of noise {unknown}
Comestibles
 f - 5 rations


   Skills:
 + Level 2.5 Fighting
 - Level 0.8 Throwing
 + Level 1.1 Armour
 + Level 2.0 Dodging
 + Level 2.8 Unarmed Combat
 + Level 1.9 Spellcasting
 - Level 2.6 Translocations


You had 2 spell levels left.
You knew the following spells:

 Your Spells              Type           Power        Failure   Level  Hunger
a - Blink                 Tloc           N/A          1%          2    ###....

Your spell library contained the following spells:

 Spells                   Type           Power        Failure   Level  Hunger
 Shroud of Golubria       Chrm/Tloc      ##........   3%          2    ###....
 Gell's Gravitas          Tloc           ###.......   3%          3    ####...
 Lesser Beckoning         Tloc           ###.......   3%          3    ####...
 Teleport Other           Tloc           ###.....     3%          3    ####...
 Passage of Golubria      Tloc           N/A          12%         4    #####..


Dungeon Overview and Level Annotations

Branches:
Dungeon (1/15)

Altars:


Innate Abilities, Weirdness & Mutations

Your body is rotting away.
You thrive on raw meat.
You are immune to poison.
You have sharp fingernails.
You are carnivorous and can eat meat at any time.
Your flesh is cold resistant. (rC+)
You are immune to negative energy. (rN+++)
You do not regenerate when monsters are visible.
You are immune to unholy pain and torment.
You can survive without breathing.


Message History

You are too injured to fight recklessly!
You are too injured to fight recklessly!
You scratch the kobold.
You kill the kobold!
You closely miss the kobold. The kobold hits you.
* * * LOW HITPOINT WARNING * * *
You barely miss the kobold. The kobold hits you.
* * * LOW HITPOINT WARNING * * *
You closely miss the kobold.
Okay, then.
It was a potion of brilliance.
You feel clever all of a sudden. The kobold barely misses you.
You scratch the kobold.
The kobold is heavily wounded.
The kobold closely misses you.
You completely miss the kobold.
The kobold is heavily wounded.
The kobold hits you.
You die...

### #.. #.# #####.#
###.....#
#########...###.#
#...........###.#
#########.#####..........
..(....K@.# #..#.#.####
.>.....##(# #..#.#.####
#.####. #.# #..#.#.....
#. #.#####..#.#..##. #.
#.##.....#.#..##. .# #.
#.#...#.##.#..##. #.# #
.. #.......##.#..##.
..###. ##
#.......##.#..### #.#.#
##.....###.#..###


You could see a kobold.

Vanquished Creatures
  A dart slug (D:1)
  A ball python (D:1)
  A giant cockroach (D:1)
  3 goblins (D:1)
  3 hobgoblins (D:1)
  A bat (D:1)
  A frilled lizard (D:1)
  5 kobolds (D:1)
  A rat (D:1)
17 creatures vanquished.

Notes
Turn   | Place    | Note
-------+----------+-------------------------------------------
     0 | D:1      | Borgoz the Ghoul Warper began the quest for the Orb.
     0 | D:1      | Reached XP level 1. HP: 17/17 MP: 2/2
   108 | D:1      | Reached XP level 2. HP: 14/25 MP: 3/3
   241 | D:1      | Learned a level 2 spell: Blink
   617 | D:1      | Reached skill level 1 in Armour
   898 | D:1      | Slain by a kobold

Skill      XL: |  1  2 |
---------------+-------+-----
Armour         | 1 |  1.1
Dodging        | 2 |  2.0
Fighting       | |  2.5
Throwing       | |  0.8
Unarmed Combat | |  2.8
Spellcasting   | |  1.9
Translocations | |  2.6

Action                   || total
-------------------------++-------
Melee: Unarmed           ||    78
  Use: Potion            ||     1
  Eat: Chunk             ||     7
Armor: Leather armour    ||     5
Dodge: Dodged            ||    42
